 Dungeon Crawl Stone Soup version 0.22.1-1-ga44c0e5 (webtiles) character file.

51935 Stepladder the Spry (level 14, -3/116 HPs)
             Began as a Merfolk Gladiator on Sept 21, 2018.
             Was a High Priest of Yredelemnul.
             Killed from afar by Josephine (18 damage)
             ... with a ghostly fireball
             ... on level 15 of the Dungeon on Sept 22, 2018.
             The game lasted 02:29:06 (34686 turns).

Stepladder the Spry (Merfolk Gladiator)            Turns: 34686, Time: 02:29:07

Health: -3/116     AC: 17    Str: 18    XL:     14   Next: 61%
Magic:  21/21      EV: 24    Int:  7    God:    Yredelemnul [*****.]
Gold:   1391       SH:  0    Dex: 17    Spells: 6/13 levels left

rFire    . . .     SeeInvis +   u - +2 scimitar (protect)
rCold    + . .     Gourm    .   (no shield)
rNeg     . . .     Faith    .   w - +2 ring mail {rC+}
rPois    .         Spirit   .   c - +0 helmet
rElec    .         Reflect  .   (no cloak)
rCorr    .         Harm     .   k - +1 pair of gloves
MR       ++...                  (boots currently unavailable)
Stlth    +++.......             x - amulet of rage
HPRegen  0.29/turn              j - ring of protection from magic
MPRegen  0.17/turn              C - ring of see invisible

@: protection aura, slowed, studying Evocations, heavily drained, quick
A: change form in water, swift swim, stealthy swim
a: Recall Undead Slaves, Injury Mirror, Animate Dead, Drain Life, Enslave Soul,
Renounce Religion, Evoke Berserk Rage


You were on level 15 of the Dungeon.
You worshipped Yredelemnul.
Yredelemnul was extremely pleased with you.
You were very hungry.

You visited 3 branches of the dungeon, and saw 21 of its levels.
You also visited: Volcano.

You collected 1391 gold pieces.

Inventory:

Hand Weapons
 u - a +2 scimitar of protection (weapon)
 y - a +1 scimitar of flaming
 G - a +0 hunting sling
 L - a +2 dagger of venom
 Q - a +4 long sword
Missiles
 g - 52 poisoned needles
 l - 2 curare-tipped needles
 m - 174 sling bullets
 H - 5 tomahawks (quivered)
Armour
 c - a +0 helmet (worn)
 k - a +1 pair of gloves (worn)
 q - a +1 pair of boots of running (melded)
 w - a +2 ring mail of cold resistance (worn)
Jewellery
 h - an uncursed ring of protection from cold
 j - a ring of protection from magic (left hand)
 x - an amulet of rage (around neck)
 z - an uncursed ring of protection from cold
 C - a ring of see invisible (right hand)
Wands
 n - a wand of acid (21)
 o - a wand of paralysis (14)
 v - a wand of clouds (3)
 B - a wand of disintegration (15)
 D - a wand of flame (73)
 E - a wand of digging (31)
 F - a wand of polymorph (15)
 I - a wand of iceblast (2)
Scrolls
 e - 12 scrolls of remove curse
 i - 2 scrolls of fear
 r - a scroll of magic mapping
 s - a scroll of enchant armour
 K - a scroll of amnesia
 N - 3 scrolls of teleportation
 V - a scroll of fog
Potions
 a - a potion of magic {unknown}
 d - 2 potions of invisibility {unknown}
 p - 2 potions of might
 t - 6 potions of curing
 A - a potion of haste
 J - 2 potions of agility {unknown}
 M - a potion of mutation {unknown}
 P - 3 potions of heal wounds
 U - a potion of resistance {unknown}
Books
 X - a manual of Evocations
Miscellaneous
 b - a phantom mirror
 R - a phial of floods
Comestibles
 f - 21 rations


   Skills:
 + Level 12.8(9.9) Fighting
 + Level 13.1(10.2) Long Blades
 - Level 2.0(0.0) Throwing
 - Level 5.0(2.6) Armour
 + Level 15.2(12.2) Dodging
 - Level 5.1(2.7) Stealth
 - Level 5.0(2.6) Summonings
 - Level 5.0(2.6) Translocations
 - Level 10.0(7.3) Invocations
 + Level 4.5(2.2) Evocations


You had 6 spell levels left.
You knew the following spells:

 Your Spells              Type           Power        Failure   Level  Hunger
a - Summon Butterflies    Summ           #.......     28%         1    ##.....
b - Blink                 Tloc           N/A          38%         2    ###....
c - Apportation           Tloc           #.....       26%         1    ##.....
d - Lesser Beckoning      Tloc           #.........   63%         3    ####...

Your spell library contained the following spells:

 Spells                   Type           Power        Failure   Level  Hunger
 Call Imp                 Summ           #.......     38%         2    ###....
 Corona                   Hex            #......      63%         1    ##.....
 Flame Tongue             Conj/Fire      #....        63%         1    ##.....
 Magic Dart               Conj           #...         63%         1    ##.....
 Ensorcelled Hibernation  Hex/Ice        #.....       77%         2    ###....
 Slow                     Hex            #.......     77%         2    ###....
 Throw Flame              Conj/Fire      #.....       77%         2    ###....
 Conjure Flame            Conj/Fire      #.......     94%         3    ####...
 Dazzling Spray           Conj/Hex       #.....       94%         3    ####...
 Ignite Poison            Fire/Tmut/Pois #.......     94%         3    ####...
 Inner Flame              Hex/Fire       #.......     94%         3    ####...
 Mephitic Cloud           Conj/Pois/Air  #.......     94%         3    ####...
 Tukima's Dance           Hex            #.......     94%         3    ####...
 Cause Fear               Hex            #.........   100%        4    #####..
 Sticky Flame             Conj/Fire      #.......     100%        4    #####..
 Alistair's Intoxication  Tmut/Pois      #.......     100%        5    ######.
 Fireball                 Conj/Fire      #.........   100%        5    ######.
 Summon Mana Viper        Hex/Summ       #.......     100%        5    ######.
 Invisibility             Hex            #.......     100%        6    #######


Dungeon Overview and Level Annotations

Branches:
Dungeon (13/15)            Temple (1/1) D:7            Lair (6/6) D:9
  Swamp (0/4) Lair:3       Spider (0/4) Lair:2        Slime (0/5) Lair:5
    Orc (0/2) D:11
 Vaults: D:13-14

Altars:
Ashenzari
Cheibriados
Dithmenos
Elyvilon
Fedhas
Gozag
Hepliaklqana
Kikubaaqudgha
Makhleb
Nemelex Xobeh
Okawaru
Qazlal
Ru
Sif Muna
Trog
Uskayaw
Vehumet
Wu Jian
Xom
Yredelemnul
Zin
The Shining One

Shops:
D:6 *

Annotations:
D:8 2 transporters, jerryfan's ghost, novice HaAs
D:15 Josephine
Lair:1 1 runed door, Faytuur's ghost, journeyman MiFi
Lair:5 3 runed doors, Soucec's ghost, journeyman MiFi


Message History

The hornet zombie misses you.
Josephine gestures at you while chanting.
The ghostly flame explodes!
The ghostly fireball engulfs you!
You feel drained.
* * * LOW HITPOINT WARNING * * *
The ghostly fireball engulfs the hornet zombie.
The hornet zombie completely resists.
Found 17 gold pieces.
You slash the hornet zombie!
Your tail-slap misses the hornet zombie.
The hornet zombie is lightly damaged.
The hornet zombie closely misses you.
You barely miss the hornet zombie.
The hornet zombie is lightly damaged.
The hornet zombie completely misses you.
You riposte.
You hit the hornet zombie.
The hornet zombie is moderately damaged.
Josephine gestures at you while chanting.
The ghostly flame explodes!
The ghostly fireball engulfs you!
You feel drained.
You die...
Your body rises from the dead as a mindless zombie.

#. ..?...# ....<
#.#######....##
..... #.....
.y.Z...#......
#....
##@#u...#....
#...###≈≈##Z....#
#...≈≈≈≈#≈≈#§W.§#
#..##≈#Q†≈≈#≈u..#
#.[#≈≈W≈D≈#≈≈...#
#..≈@≈Z≈≈≈≈≈#...#
#?.##≈#≈#≈≈##e.##
#...#≈≈≈≈≈≈#...#
#.Z.##≈≈≈#≈#...#
#.....####..$..#
#..... ......#
#...## ###.. ##


You could see Josephine, a tengu warrior, a wraith, an acid dragon, a vampire
mosquito, a hornet zombie and a centaur warrior zombie.

Vanquished Creatures
  An entropy weaver (Lair:4)
  Harold (D:10)
  3 hydras
  Fannar (D:11)
  3 two-headed ogres
  2 catoblepae (Lair:6)
  A queen ant (Lair:4)
  7 death yaks
  A skeletal warrior (D:11)
  A wolf spider (D:11)
  3 cyclopes
  3 deep elf magi
  3 manticores
  A gargoyle (D:13)
  Joseph (D:8)
  5 spiny frogs
  A rime drake (Lair:3)
  An efreet (D:15)
  A tengu conjurer (D:13)
  2 komodo dragons (Lair:1)
  A death yak skeleton (Lair:6)
  2 trolls
  A tyrant leech (Lair:3)
  8 slime creatures (D:13)
  6 hippogriffs
  3 blink frogs (Lair:5)
  2 spriggans (Lair:4)
  2 shadows
  26 yaks
  4 wraiths (D:15)
  5 basilisks
  8 vampire mosquitoes
  A steam dragon (D:11)
  A hungry ghost (D:11)
  3 wargs (D:9)
  An acid dragon (D:11)
  A soldier ant (Lair:4)
  9 water moccasins
  Duvessa (D:7)
  5 porcupines
  3 sky beasts
  2 phantoms
  4 black bears
  3 ice beasts
  4 orc warriors
  9 ogres
  6 wolves
  6 centaurs
  5 crocodiles
  A big kobold (D:11)
  12 bullfrogs
  Dowan (D:7)
  14 killer bees
  5 scorpions
  4 wights (D:11)
  An electric eel (Lair:3)
  3 howler monkeys
  4 crimson imps
  A centaur zombie (D:10)
  20 jellies
  A bullfrog skeleton (D:11)
  2 centaur skeletons
  3 orc priests
  6 hounds
  5 iguanas
  8 orc wizards
  17 worker ants
  3 hound skeletons
  2 worker ant zombies
  14 adders
  7 gnolls
  3 shadow imps
  10 white imps
  5 oozes (D:9)
  2 adder skeletons
  A worm (D:2)
  3 dart slugs
  6 leopard geckos
  35 orcs
  2 giant cockroaches
  5 goblins
  7 hobgoblins
  10 jackals
  5 kobolds
  6 quokkas
  4 bats
  4 frilled lizards
  A jackal skeleton (D:7)
  5 rats
  4 plants
426 creatures vanquished.

Vanquished Creatures (collateral kills)
  An entropy weaver (Lair:4)
  7 hydras
  A catoblepas (Lair:6)
  7 death yaks
  An oklob plant (Lair:4)
  2 ugly things
  Psyche (D:9)
  A kobold demonologist (D:13)
  A rime drake (Lair:5)
  3 spiny frogs (Lair:6)
  A troll (D:10)
  5 dream sheep (Lair:4)
  2 hippogriffs
  4 blink frogs (Lair:5)
  19 yaks
  A steam dragon (D:10)
  3 basilisks
  A hungry ghost (D:11)
  A vampire mosquito (D:12)
  4 soldier ants (Lair:4)
  3 porcupines
  2 water moccasins (Lair:6)
  An orc warrior (D:10)
  2 ogres (D:10)
  3 wolves
  5 crocodiles
  2 bullfrogs
  An electric eel (Lair:5)
  A howler monkey (D:9)
  A bullfrog zombie (D:12)
  5 crimson imps
  2 jellies
  An orc priest (D:9)
  An iguana (D:11)
  3 worker ants (Lair:4)
  2 white imps (D:9)
  An orc (D:9)
  A jackal (D:10)
  7 fungi
  15 plants
125 creatures vanquished.

Vanquished Creatures (others)
  An entropy weaver zombie (Lair:4)
  2 death yak zombies (Lair:6)
  3 hydra zombies (Lair:6)
  A death yak skeleton (Lair:6)
  6 flying skulls
  3 wraiths
  A two-headed ogre zombie (D:11)
  3 spiny frog zombies
  An elf skeleton (D:11)
  2 dream sheep zombies (Lair:4)
  An elf zombie (D:13)
  A manticore zombie (Lair:6)
  A vampire mosquito zombie (D:12)
  A cyclops zombie (D:13)
  A hippogriff skeleton (Lair:6)
  4 water moccasin zombies
  A spriggan zombie (Lair:4)
  5 yak zombies (Lair:6)
  A tengu zombie (D:13)
  A warg skeleton (D:9)
  4 yak skeletons
  3 wights
  A wolf skeleton (D:9)
  2 bullfrog zombies
  2 basilisk zombies
  2 soldier ant zombies (Lair:4)
  An ogre zombie (D:11)
  A hound zombie (D:10)
  An ogre skeleton (D:11)
  2 mummies
  A worker ant zombie (D:11)
  3 iguana zombies
  2 orc zombies (D:9)
  An adder zombie (D:11)
  3 bushes (Lair:6)
  3 fungi
  33 plants
105 creatures vanquished.

Grand Total: 656 creatures vanquished

Notes
Turn   | Place    | Note
-------+----------+-------------------------------------------
     0 | D:1      | Stepladder the Merfolk Gladiator began the quest for the
                  | Orb.
     0 | D:1      | Reached XP level 1. HP: 16/16 MP: 1/1
    47 | D:1      | Reached XP level 2. HP: 11/22 MP: 2/2
   584 | D:1      | Reached XP level 3. HP: 25/28 MP: 3/3
  1064 | D:2      | Reached skill level 1 in Stealth
  1168 | D:2      | Found a faded altar of an unknown god.
  2220 | D:3      | Reached XP level 4. HP: 34/34 MP: 4/4
  2720 | D:4      | Reached skill level 1 in Armour
  2720 | D:4      | Reached skill level 5 in Dodging
  2720 | D:4      | Reached XP level 5. HP: 27/41 MP: 5/5
  3176 | D:4      | Reached XP level 6. HP: 31/47 MP: 6/6
  4301 | D:4      | Reached skill level 6 in Dodging
  4301 | D:4      | Reached XP level 7. HP: 43/53 MP: 7/7
  4639 | D:5      | Entered Level 5 of the Dungeon
  4680 | D:5      | Reached skill level 5 in Long Blades
  5308 | D:5      | Reached XP level 8. HP: 57/61 MP: 8/8
  5456 | D:6      | Found Ydul's General Store.
  5875 | D:5      | HP: 3/61 [orc warrior/short sword (8)]
  5883 | D:5      | Reached skill level 7 in Dodging
  6209 | D:6      | Reached skill level 5 in Fighting
  6706 | D:7      | Reached skill level 5 in Stealth
  6947 | D:7      | Found a staircase to the Ecumenical Temple.
  6960 | D:7      | Noticed Duvessa
  6961 | D:7      | Noticed Dowan
  6971 | Temple   | Entered the Ecumenical Temple
  7167 | Temple   | Became a worshipper of Yredelemnul the Dark
  7288 | D:7      | Killed Duvessa
  7402 | D:7      | Killed Dowan
  7402 | D:7      | Reached skill level 1 in Invocations
  7910 | D:7      | Reached XP level 9. HP: 59/69 MP: 10/10
  8097 | D:7      | Found a white marble altar of Elyvilon.
  8123 | D:7      | Found a glowing golden altar of the Shining One.
  8123 | D:7      | Found a shimmering altar of Xom.
  8124 | D:7      | Found a glowing silver altar of Zin.
  8177 | D:7      | Reached skill level 8 in Dodging
  8396 | D:7      | Found a hide-covered altar of Uskayaw.
  8916 | D:8      | Found a transporter.
  8917 | D:8      | Noticed jerryfan's ghost (novice HaAs)
  8948 | D:8      | Found a transporter.
  9049 | D:8      | Noticed Joseph
  9063 | D:8      | Killed Joseph
  9665 | D:8      | Found an opulent altar of Gozag.
 10364 | D:9      | Found a staircase to the Lair.
 10546 | D:9      | Noticed a two-headed ogre
 10615 | D:9      | Killed a two-headed ogre
 10615 | D:9      | Reached skill level 9 in Dodging
 10615 | D:9      | Reached XP level 10. HP: 52/79 MP: 11/13
 11121 | D:9      | Reached * piety under Yredelemnul
 11503 | D:9      | Noticed Psyche
 11509 | D:9      | Killed Psyche
 11509 | D:9      | Reached skill level 5 in Invocations
 11992 | D:9      | Found a stormy altar of Qazlal.
 12024 | D:9      | Reached skill level 5 in Armour
 12287 | D:10     | Entered Level 10 of the Dungeon
 12408 | D:10     | Reached skill level 10 in Dodging
 12649 | D:10     | Noticed Harold
 13013 | D:10     | Killed Harold
 13138 | D:10     | Reached ** piety under Yredelemnul
 13680 | D:10     | Reached XP level 11. HP: 87/87 MP: 15/15
 14197 | D:10     | Learned a level 1 spell: Summon Butterflies
 14412 | D:11     | Noticed Fannar
 14458 | D:11     | Killed Fannar
 14458 | D:11     | Reached skill level 1 in Summonings
 14610 | D:11     | Reached skill level 11 in Dodging
 14615 | D:11     | Your ally Fannar died
 15716 | D:11     | Found a staircase to the Orcish Mines.
 16073 | D:11     | Noticed a two-headed ogre
 16656 | D:11     | Noticed a skeletal warrior
 17166 | D:11     | Killed a two-headed ogre
 17384 | D:11     | Killed a skeletal warrior
 17500 | D:11     | Noticed a purple ugly thing
 17574 | D:10     | Killed a purple ugly thing
 17871 | D:11     | Noticed a wolf spider
 17929 | D:11     | Noticed a deep elf mage
 17930 | D:11     | Noticed a deep elf mage
 17939 | D:11     | Reached *** piety under Yredelemnul
 18217 | D:11     | Reached skill level 10 in Long Blades
 18305 | D:11     | Killed a wolf spider
 18734 | D:11     | Reached skill level 12 in Dodging
 18751 | D:11     | Identified a +0 pair of boots of running (You found it on
                  | level 11 of the Dungeon)
 18843 | D:11     | Killed a deep elf mage
 19210 | Lair:1   | Entered Level 1 of the Lair of Beasts
 19231 | Lair:1   | Noticed a five-headed hydra
 19263 | Lair:1   | Killed a five-headed hydra
 19263 | Lair:1   | Reached skill level 10 in Fighting
 19263 | Lair:1   | Reached XP level 12. HP: 27/97 MP: 16/16
 19770 | D:9      | Reached skill level 5 in Summonings
 20539 | Lair:1   | Received a gift from Yredelemnul (a mummy)
 21020 | Lair:1   | Found a runed door.
 21030 | Lair:1   | Noticed a spriggan rider
 21032 | Lair:1   | Noticed Faytuur's ghost (journeyman MiFi)
 21054 | Lair:1   | Noticed an eight-headed hydra
 21075 | Lair:1   | Noticed a five-headed hydra
 21400 | D:9      | Killed an eight-headed hydra
 21748 | D:9      | Killed a five-headed hydra
 22062 | Lair:1   | Noticed a four-headed hydra
 22369 | D:9      | Killed a four-headed hydra
 22577 | Lair:1   | Noticed a five-headed hydra
 22619 | Lair:1   | Killed a five-headed hydra
 23153 | Lair:2   | Received a gift from Yredelemnul (a wight)
 23211 | Lair:2   | Found a hole to the Spider Nest.
 23368 | Lair:2   | Found a dark tunnel.
 23373 | Volcano  | Entered a volcano
 23937 | Lair:3   | Reached skill level 13 in Dodging
 23966 | Lair:3   | Learned a level 2 spell: Blink
 23968 | Lair:3   | Learned a level 1 spell: Apportation
 24317 | Lair:3   | Received a gift from Yredelemnul (a wight)
 24429 | Lair:3   | Found a staircase to the Swamp.
 24463 | Lair:3   | Reached skill level 1 in Translocations
 24510 | Lair:3   | Noticed a four-headed hydra
 24524 | Lair:3   | Killed a five-headed hydra
 25497 | Lair:4   | Received a gift from Yredelemnul (a mummy)
 25539 | Lair:4   | Noticed an entropy weaver
 25552 | Lair:4   | Killed an entropy weaver
 25552 | Lair:4   | Reached XP level 13. HP: 51/106 MP: 19/19
 25779 | Lair:4   | Noticed an entropy weaver
 25796 | Lair:4   | Killed an entropy weaver
 25889 | Lair:4   | Received a gift from Yredelemnul (4 flying skulls)
 26861 | Lair:4   | Got a twisted chain mail
 26919 | Lair:4   | Identified the +1 chain mail of the Equator {Stlth+} (You
                  | found it on level 4 of the Lair of Beasts)
 27443 | Lair:5   | Found a runed gate.
 27443 | Lair:5   | Found a runed gate.
 27448 | Lair:5   | Found a runed gate.
 27540 | Lair:5   | Noticed a minotaur
 27543 | Lair:5   | Noticed Soucec's ghost (journeyman MiFi)
 27710 | Lair:5   | Found a staircase to the Slime Pits.
 27749 | Lair:5   | Received a gift from Yredelemnul (a wight)
 27957 | Lair:5   | Reached skill level 14 in Dodging
 28716 | Lair:6   | Entered Level 6 of the Lair of Beasts
 28838 | Lair:6   | Reached **** piety under Yredelemnul
 29384 | Lair:6   | Found an opulent altar of Gozag.
 29495 | Lair:6   | Received a gift from Yredelemnul (a wraith)
 29945 | Lair:6   | Received a gift from Yredelemnul (2 flying skulls)
 30175 | Lair:6   | Reached XP level 14. HP: 55/115 MP: 21/21
 30912 | Lair:5   | Received a gift from Yredelemnul (a wraith)
 31086 | Lair:6   | Reached skill level 10 in Invocations
 31210 | Lair:6   | Reached skill level 5 in Translocations
 31698 | Lair:6   | Identified the Almanac of Entrancing Transformation
 31713 | Lair:6   | Learned a level 3 spell: Lesser Beckoning
 32212 | D:12     | Reached skill level 1 in Evocations
 32725 | D:12     | You fall through a shaft!
 32938 | D:13     | Reached skill level 15 in Dodging
 33146 | D:13     | Received a gift from Yredelemnul (a wraith)
 33637 | D:13     | HP: 4/116 [titanic slime creature (65)]
 34242 | D:13     | Reached ***** piety under Yredelemnul
 34584 | D:13     | You fall through a shaft for 2 floors!
 34584 | D:15     | Entered Level 15 of the Dungeon
 34610 | D:15     | Noticed Josephine
 34686 | D:15     | Killed from afar by Josephine

Skill      XL: |  1  2  3  4  5  6  7  8  9 10 11 12 13 14 |
---------------+-------------------------------------------+-----
Stealth        | 1 2 3 4 5 |  5.1
Fighting       | 3 4 5 7 8 10 11 12 | 12.8
Long Blades    | 4 5 6 7 8 10 11 12 13 | 13.1
Armour         | 1 2 3 4 5 |  5.0
Dodging        | 5 6 7 9 10 12 13 14 15 | 15.2
Invocations    | 1 4 6 8 9 10 | 10.0
Summonings     | 4 5 |  5.0
Translocations | 2 4 5 |  5.0
Evocations     | 4 |  4.5
Throwing       | |  2.0

Action                   |  1- 3 |  4- 6 |  7- 9 | 10-12 | 13-15 || total
-------------------------+-------+-------+-------+-------+-------++-------
Melee: Long sword        |   121 |   147 |   354 |   231 |       ||   853
       Dagger            |       |     5 |    10 |    94 |    33 ||   142
       Scimitar          |       |       |       |   491 |   765 ||  1256
       Tailslap          |       |       |       |       |     6 ||     6
 Fire: Hunting sling     |       |       |     3 |     3 |       ||     6
Throw: Throwing net      |     2 |       |     3 |     1 |       ||     6
       Tomahawk          |       |       |    14 |    46 |       ||    60
 Cast: Summon Butterflie |       |       |       |     1 |       ||     1
Invok: Animate Remains   |       |       |       |    16 |       ||    16
       Recall Undead Sla |       |       |       |     9 |     4 ||    13
       Animate Dead      |       |       |       |    15 |    41 ||    56
       Enslave Soul      |       |       |       |       |     1 ||     1
Evoke: Wand              |       |       |     6 |    27 |    68 ||   101
  Use: Scroll            |     4 |     2 |    11 |     8 |     5 ||    30
       Potion            |       |     3 |     4 |     6 |     2 ||    15
 Stab: Sleeping          |       |     1 |     8 |    17 |     3 ||    29
       Held in net/web   |       |       |     1 |       |       ||     1
       Paralysed         |       |       |     5 |       |       ||     5
       Distracted        |       |       |     1 |     8 |     9 ||    18
  Eat: Chunk             |     4 |     7 |    13 |    34 |    17 ||    75
       Ration            |       |       |     2 |     7 |     7 ||    16
Armor: Leather armour    |     5 |    41 |    82 |    64 |       ||   192
       Scale mail        |    42 |       |       |       |       ||    42
       Ring mail         |     3 |     7 |       |   240 |   181 ||   431
       Skin              |       |       |       |    27 |       ||    27
Dodge: Dodged            |    84 |   143 |   328 |   820 |   578 ||  1953
       Rpst.: Long sword |    27 |    35 |   104 |    62 |       ||   228
       Scimitar          |       |       |       |   119 |   152 ||   271
